cohdb
Replays
Latest Replays
All Replays
Popular Replays
Top Player Replays
Match Explorer
How It Works
Community
CoH3 Stats
Reddit
Sign in to upload your games and track your stats! →
Sign in with Steam
Match 41174829
Unlisted
Match 41174829
Overview
Messages
Build Orders
End
Construct Infanterie Kompanie
Selects Terror Battlegroup
MG 42 Machine Gun Team
Grenadier Squad
Selects Machine Gun Camouflage
Grenadier Squad
Grenadier Squad
Construct Luftwaffe Kompanie
Support Elements
Jäger Squad
Jäger Squad
Jäger Squad
Selects Interrogate
Selects Propaganda Leaflet Drop
Wirbelwind Flakpanzer
Medical Bunker
Construct Panzergrenadier Kompanie
The101stAirBorne ITA
BamboneWertherone ITA
Capibimbambombolilalone ITA
Boondoggle
Ser Wadsworth
Robot Devil
0
0
Comments
sign in to comment!
No comments posted yet!